 Dungeon Crawl Stone Soup version 0.21-a0-110-g8e1637b (webtiles) character file.

1457 Lianjan the Chucker (level 8, 0/79 HPs)
             Began as a Troll Hunter on July 8, 2017.
             Slain by a killer bee (3 damage)
             ... on level 6 of the Dungeon.
             The game lasted 00:08:59 (4084 turns).

Lianjan the Chucker (Troll Hunter)                  Turns: 4084, Time: 00:09:00

Health: 0/79       AC:  7    Str: 21    XL:     8   Next: 47%
Magic:  7/7        EV: 15    Int:  9    God:
Gold:   222        SH:  0    Dex: 15    Spells: 5/7 levels left

rFire    + . .     SeeInvis .     - Unarmed
rCold    . . .     Gourm    +   (no shield)
rNeg     . . .     Faith    .   b - +1 robe
rPois    .         Spirit   .   (helmet restricted)
rElec    .         Reflect  .   n - +0 cloak
rCorr    .         Harm     .   (gloves unavailable)
MR       +....                  (boots unavailable)
Stlth    +++.......             t - amulet of regeneration
HPRegen  1.03/turn              p - ring of protection from fire
MPRegen  0.10/turn              s - ring of protection from magic

@: agile, lethally poisoned (0 -> 0)
A: unfitting armour, claws 3, fast metabolism 3, gourmand, regeneration 1,
shaggy fur 1, tough skin 2
a: no special abilities


You were on level 6 of the Dungeon.
You were completely stuffed.

You visited 1 branch of the dungeon, and saw 6 of its levels.

You collected 222 gold pieces.

Inventory:

Missiles
 d - a throwing net (quivered)
Armour
 b - a +1 robe (worn)
 n - a +0 cloak (worn)
Jewellery
 p - a ring of protection from fire (left claw)
 s - a ring of protection from magic (right claw)
 t - an amulet of regeneration (around neck)
 A - an uncursed ring of positive energy
 B - an uncursed ring of flight
Scrolls
 e - 2 scrolls of remove curse
 g - 2 scrolls of magic mapping
 j - a scroll of blinking
 k - 4 scrolls of identify
 o - 2 scrolls of random uselessness
 v - a scroll of enchant armour
Potions
 a - 6 potions of mutation
Books
 r - a book of Minor Magic

   Spells                             Type                      Level
   a - Magic Dart                     Conjuration                  1
   b - Blink                          Translocation                2
   c - Call Imp                       Summoning                    2
   d - Slow                           Hexes                        2
   e - Conjure Flame                  Conjuration/Fire             3
   f - Mephitic Cloud                 Conjuration/Poison/Air       3
Comestibles
 f - 6 bread rations
 h - 2 meat rations
 i - a royal jelly
 l - 9 fruits


   Skills:
 + Level 4.4 Fighting
 + Level 6.7 Throwing
 + Level 2.3 Dodging
 - Level 0.3 Stealth
 + Level 6.3 Unarmed Combat


You had 5 spell levels left.
You knew the following spells:

 Your Spells              Type           Power        Failure   Level  Hunger
a - Blink                 Tloc           N/A          52%         2    ###....


Dungeon Overview and Level Annotations

Branches:
Dungeon (6/15)
 Temple: D:4-7

Altars:
Dithmenos
Gozag
Sif Muna


Innate Abilities, Weirdness & Mutations

You are too large for most types of armour.
You have claws for hands.
Your metabolism is lightning-fast.
You like to eat raw meat.
Your natural rate of healing is unusually fast.
You are covered in fur. (AC +1)
You have very tough skin. (AC +2)


Message History

The killer bee stings you but does no damage.
The killer bee barely misses you.
You feel better. The killer bee barely misses you.
The killer bee stings you but does no damage.
You feel agile all of a sudden.
The killer bee stings you but does no damage.
The killer bee stings you!
* * * LOW HITPOINT WARNING * * *
You are poisoned.
The killer bee poisons you!
You mangle the killer bee!!
You kill the killer bee!
You feel sick.
Okay, then.
You closely miss the killer bee. The killer bee closely misses you.
The killer bee stings you.
* * * LOW HITPOINT WARNING * * *
You barely miss the killer bee.
You feel sick. The killer bee misses you. The killer bee stings you.
You die...

..#..?......
(..........
#..........
#.(........
#..........
#..)....... #..##
##y..# ##@#...##
##..##...##
#..####...##
#.#........##
#..#.........###
#..##...........##
#.#
#............## .#
##.....(......# ..
##..[........##


You could see a killer bee.

Vanquished Creatures
  The ghost of grandjackal the Vexing, an amateur DsEn (D:3)
  Menkaure (D:5)
  A sky beast (D:5)
  An ice beast (D:4)
  2 ogres
  A centaur (D:4)
  2 bullfrogs (D:5)
  2 scorpions
  4 killer bees (D:6)
  A howler monkey (D:4)
  An orc priest (D:5)
  A hound (D:5)
  2 orc wizards
  An iguana (D:4)
  A worker ant (D:4)
  A hound skeleton (D:4)
  5 adders
  An ooze (D:1)
  2 adder skeletons (D:5)
  2 worms
  4 dart slugs
  2 leopard geckos (D:1)
  16 orcs
  5 giant cockroaches
  8 goblins
  4 hobgoblins
  10 jackals
  3 kobolds
  A ball python skeleton (D:4)
  9 bats
  6 frilled lizards
  3 rats
104 creatures vanquished.

Notes
Turn   | Place    | Note
-------+----------+-------------------------------------------
     0 | D:1      | Lianjan the Troll Hunter began the quest for the Orb.
     0 | D:1      | Reached XP level 1. HP: 19/19 MP: 0/0
   121 | D:1      | Reached skill level 1 in Unarmed Combat
   169 | D:1      | Reached XP level 2. HP: 27/27 MP: 1/1
   841 | D:1      | Reached XP level 3. HP: 28/33 MP: 2/2
  1125 | D:2      | Found a shadowy altar of Dithmenos.
  1173 | D:2      | Reached XP level 4. HP: 41/41 MP: 3/3
  1197 | D:2      | Found a deep blue altar of Sif Muna.
  1594 | D:3      | Noticed grandjackal's ghost (amateur DsEn)
  1607 | D:3      | Killed grandjackal's ghost
  1607 | D:3      | Reached skill level 5 in Throwing
  1607 | D:3      | Reached XP level 5. HP: 35/48 MP: 4/4
  1740 | D:3      | Learned a level 2 spell: Blink
  1842 | D:3      | Reached XP level 6. HP: 41/57 MP: 5/5
  2686 | D:4      | Reached XP level 7. HP: 54/66 MP: 6/6
  2853 | D:4      | Reached skill level 5 in Unarmed Combat
  3157 | D:5      | Entered Level 5 of the Dungeon
  3358 | D:5      | Learned a level 2 spell: Blink
  3466 | D:5      | Found an opulent altar of Gozag.
  3639 | D:5      | Noticed Menkaure
  3649 | D:5      | Killed Menkaure
  3649 | D:5      | Reached XP level 8. HP: 78/78 MP: 7/7
  4083 | D:6      | HP: 3/79 [killer bee (4)]
  4084 | D:6      | Slain by a killer bee

Vault maps used:
D:1:      dpeg_arrival_rooms_with_view, hangedman_abyss_or_decor_stabs
D:2:      nicolae_dithmenos_shadow_blocks, lemuel_blue_sif_altar, first_bread
D:5:      nicolae_gozag_cash_rules_everything_around_me, lemuel_statue_altar,
          uniq_menkaure
D:6:      gup_sewer_entry_spiral

Skill      XL: |  1  2  3  4  5  6  7  8 |
---------------+-------------------------+-----
Unarmed Combat | 1 2 3 4 5 6 |  6.3
Throwing       | 4 5 6 |  6.7
Fighting       | 2 3 4 |  4.4
Dodging        | 2 |  2.3
Stealth        | |  0.3

Action                   |  1- 3 |  4- 6 |  7- 9 || total
-------------------------+-------+-------+-------++-------
Melee: Unarmed           |    86 |   147 |    88 ||   321
       Short sword       |     1 |       |       ||     1
       Punch             |       |     2 |     1 ||     3
Throw: Large rock        |       |    10 |    13 ||    23
       Throwing net      |       |       |     3 ||     3
  Use: Scroll            |       |       |    12 ||    12
       Potion            |       |       |     2 ||     2
 Stab: Sleeping          |     1 |     1 |       ||     2
       Held in net/web   |       |       |     3 ||     3
  Eat: Chunk             |    10 |    20 |    13 ||    43
Armor: Robe              |    33 |    51 |    22 ||   106
Dodge: Dodged            |    49 |    57 |    43 ||   149
